 Dungeon Crawl Stone Soup version 0.28-a0-1213-g0243856f03 (webtiles) character file.

Game seed: 59643757171345530

165 siradein the Caller (level 5, 0/38 HPs)
             Began as a Draconian Summoner on Dec 21, 2021.
             Slain by a hound (2 damage)
             ... on level 3 of the Dungeon.
             The game lasted 00:07:40 (4575 turns).

siradein the Caller (Draconian Summoner)            Turns: 4575, Time: 00:07:40

Health: 0/38       AC:  7    Str: 11    XL:     5   Next: 22%
Magic:  3/9        EV: 12    Int: 17    God:
Gold:   130        SH:  0    Dex: 11    Spells: 4/10 levels left

rFire   . . .      SeeInvis .   n - +3 quarterstaff (chaos)
rCold   . . .      Faith    .   (shield currently unavailable)
rNeg    . . .      Spirit   .   (armour unavailable)
rPois   .          Reflect  .   (helmet restricted)
rElec   .          Harm     .   o - +0 cloak
rCorr   .          Rampage  .   i - +0 pair of gloves
Will    .....                   (no boots)
Stlth   ++........              (no amulet)
HPRegen 0.12/turn               (no ring)
MPRegen 0.11/turn               (no ring)

@: no status effects
A: AC +5, unfitting armour, cold-blooded
a: no special abilities


You were on level 3 of the Dungeon.
You visited 1 branch of the dungeon, and saw 4 of its levels.

You collected 130 gold pieces.

Inventory:

Hand Weapons
 n - a +3 quarterstaff of chaos (weapon)
Armour
 i - a +0 pair of gloves (worn)
 o - a +0 cloak (worn)
Magical Staves
 b - a staff of fire
Scrolls
 a - 4 scrolls of teleportation {unknown}
 c - a scroll of summoning {unknown}
 e - a scroll of blinking {unknown}
 g - a scroll of immolation {unknown}
 h - 3 scrolls of identify {unknown}
 j - a scroll of enchant weapon {unknown}
 k - a scroll of silence {unknown}
 l - 2 scrolls of fog {unknown}
Potions
 d - a potion of magic {unknown}
 f - a potion of mutation {unknown}
 m - a potion of ambrosia {unknown}


   Skills:
 + Level 2.8 Dodging
 - Level 3.0 Stealth
 + Level 3.1 Spellcasting
 + Level 4.7 Summonings


You had 4 spell levels left.
You knew the following spells:

 Your Spells              Type           Power      Damage    Failure   Level
a - Summon Small Mammal   Summ           72%        N/A       2%          1
b - Call Imp              Summ           18%        N/A       3%          2
c - Call Canine Familiar  Summ           18%        N/A       8%          3

Your spell library contained the following spells:

 Spells                   Type           Power      Damage    Failure   Level
 Summon Guardian Golem    Hex/Summ       10%        N/A       19%         3
 Conjure Flame            Conj/Fire      2%         6-21      45%         3
 Ignite Poison            Fire/Tmut/Pois 2%         N/A       45%         3
 Inner Flame              Hex/Fire       2%         N/A       45%         3
 Summon Lightning Spire   Summ/Air       10%        N/A       54%         4
 Animate Dead             Necr           1%         N/A       86%         4
 Cause Fear               Hex            1%         N/A       86%         4
 Sticky Flame             Conj/Fire      2%         2d3       86%         4
 Haunt                    Necr/Summ      5%         N/A       100%        7
 Discord                  Hex            1%         N/A       100%        8
 Infestation              Necr           1%         N/A       100%        8


Dungeon Overview and Level Annotations

Branches:
Dungeon (4/15)
 Temple: D:4-7

Altars:
The Shining One

Annotations:
D:4 Dowan, Duvessa, Edmund


Innate Abilities, Weirdness & Mutations

Your plain brown scales are hard. (AC +5)
You cannot fit into any form of body armour.
You are cold-blooded and may be slowed by cold attacks.


Message History

r - Retreat! s - Stop attacking. g - Guard the area. f - Follow me.
Anything else - Cancel.
Gang up on whom?
Press: ? - help, Dir - move target, f/p - orc priest
Aim: an orc priest, wielding a +0 mace and wearing a +0 leather armour (moderately wounded, ally target) Attack!
The hound bites you.
The orc priest invokes the aid of Beogh against you.
Beogh smites you!
* * * LOW HITPOINT WARNING * * *
Your shadow imp barely misses the orc priest.
The hound misses you.
The orc priest hits your shadow imp with a +0 mace.
Your shadow imp dies!
Your shadow imp disappears in a puff of smoke!
The hound bites you but does no damage.
You climb upwards.
There is a stone staircase leading down here.
Casting: Call Canine Familiar (dangerous; 8% risk of failure)
Confirm with . or Enter, or press ? or * to list all spells.
The hound barely misses you. The hound bites you.
* * * LOW HITPOINT WARNING * * *
You hit the hound. You burn the hound.
The hound is moderately wounded.
The hound barely misses you.
Your hound bites the hound.
The hound bites you but does no damage.
Unknown command.
You hit the hound.
The hound flickers and vanishes!
Deactivating autopickup; reactivate with Ctrl-A.
You tail-slap something.
Your hound barely misses something.
Something bites you but does no damage.
Your hound closely misses something.
You hit something. You freeze something. Something bites you.
* * * LOW HITPOINT WARNING * * *
Your hound closely misses something.
Something bites you.
* * * LOW HITPOINT WARNING * * *
Your hound barely misses something.
You miss something. You tail-slap something.
Something bites you but does no damage.
Your hound completely misses something.
Something bites you.
You die...

####.#.#####.....################
.................................
..##.#..#####.#################.#
..+...........# #.#
..####..#....## #.#
..####..#_...####### #.#
.......[.......)...# #.#
.#####..##########.# #.#
..............h{@#.# #.#
.######.##########.# #.# .# #.#
#.# #.# .# #.# #.# #.# †# #.# #.#
#######.# .# #.# #)# #.......# .#
#.######## #†# #.#####.# .#
#........# #.# #.# #.# .#
#........# #.# #.# #.#


You could see a friendly hound (summoned).

Vanquished Creatures
  Crazy Yiuf (D:3)
  2 dart slugs
  2 ball pythons
  5 endoplasms
  2 giant cockroaches (D:3)
  2 goblins
  4 hobgoblins
  A quokka (D:1)
  A bat (D:2)
  4 frilled lizards
  5 kobolds
  4 rats
33 creatures vanquished.

Vanquished Creatures (collateral kills)
  An iguana (D:3)
  An orc wizard (D:3)
  2 adders (D:3)
  A worm (D:3)
  A dart slug (D:1)
  4 orcs
  A ball python (D:1)
  4 endoplasms
  A giant cockroach (D:1)
  A goblin (D:1)
  A hobgoblin (D:1)
  3 kobolds (D:1)
  2 quokkas
  2 bats (D:3)
  A frilled lizard (D:3)
  A rat (D:3)
27 creatures vanquished.

Grand Total: 60 creatures vanquished

Notes
Turn   | Place    | Note
-------+----------+-------------------------------------------
     0 | D:1      | siradein the Draconian Summoner began the quest for the
                  | Orb.
     0 | D:1      | Reached XP level 1. HP: 14/14 MP: 3/3
   369 | D:1      | Reached XP level 2. HP: 9/20 MP: 3/5
   745 | D:1      | Learned a level 2 spell: Call Imp
  1046 | D:1      | Reached XP level 3. HP: 21/26 MP: 3/6
  2770 | D:3      | Found a faded altar of an unknown god.
  2852 | D:3      | Reached XP level 4. HP: 33/33 MP: 5/7
  2927 | D:3      | Learned a level 3 spell: Call Canine Familiar
  3246 | D:3      | Found a runed translucent door.
  3247 | D:3      | Noticed Crazy Yiuf
  3635 | D:3      | Reached XP level 5. HP: 22/38 MP: 1/9
  3850 | D:3      | Found a glowing golden altar of the Shining One.
  4117 | D:3      | Killed Crazy Yiuf
  4308 | D:4      | Noticed Duvessa
  4308 | D:4      | Noticed Dowan
  4422 | D:4      | Noticed a lemure
  4561 | D:4      | Noticed Edmund
  4575 | D:3      | Slain by a hound

Illustrated notes

Levels and vault maps discovered:
D:1:      mainiacjoe_arrival_reflecting_pool, layout_basic, serial_rivers,
          chequers_serial_rivers_large_b, chequers_serial_rivers_room_a,
          chequers_serial_rivers_small_3, chequers_serial_rivers_large_a,
          chequers_serial_rivers_room_b, minmay_misc_feat_diagonals,
          hangedman_decor_growths, lemuel_old_faithful
D:2:      layout_loops_cross
D:3:      layout_basic, tso_altar, basic_ecumenical_altar,
          uniq_crazy_yiuf_cottage
D:4:      layout_loops_ring, gammafunk_temple_overflow_statue,
          minmay_stone_trees_small, uniq_pikel, uniq_edmund, uniq_duvessa

Skill      XL: |  1  2  3  4  5 |
---------------+----------------+-----
Dodging        | 2 |  2.8
Stealth        | 2 3 |  3.0
Spellcasting   | 3 |  3.1
Summonings     | |  4.7

Action                   |  1- 3 |  4- 6 || total
-------------------------+-------+-------++-------
Melee: Staff             |   114 |    22 ||   136
       Mace              |     4 |       ||     4
       Tailslap          |    14 |     3 ||    17
       Quarterstaff      |       |     4 ||     4
 Cast: Summon Small Mamm |     9 |       ||     9
       Call Imp          |    20 |    23 ||    43
       Call Canine Famil |       |     8 ||     8
 Stab: Sleeping          |     5 |       ||     5
Armor: Skin              |    37 |     9 ||    46
Dodge: Dodged            |    92 |    19 ||   111

Table legend: (Time is in decaauts)
 A = Elapsed time spent in this place.
 B = Non-inter-level travel time spent in this place.
 C = Inter-level travel time spent in this place.
 D = Time resting spent in this place.
 E = Time spent auto-exploring this place.
 F = Levels seen in this place.
 G = Mean time per level.
                   A        B        C        D        E       F      G
               +--------+--------+--------+--------+--------+-----+--------+
         Total |   4679 |   4597 |     82 |    147 |   3530 |   4 | 1169.8 |
       Dungeon |   4679 |   4597 |     82 |    147 |   3530 |   4 | 1169.8 |
               +--------+--------+--------+--------+--------+-----+--------+

Top non-repeatable levels by time:
     D:3: 1960 daAuts
     D:1: 1776 daAuts
     D:2: 851 daAuts
     D:4: 91 daAuts
